 Dungeon Crawl Stone Soup version 0.29.1-12-g30fa7ad0bf (webtiles) character file.

Game seed: 14787217179167961882

2997 LustLizard the Cleaver (level 9, -8/82 HPs)
             Began as a Minotaur Monk on Jan 5, 2023.
             Was an Elder of Cheibriados.
             Mangled by an orc warlord
             ... wielding a +6 broad axe
              (22 damage)
             ... in a bailey.
             The game lasted 00:16:04 (5854 turns).

LustLizard the Cleaver (Minotaur Monk)              Turns: 5854, Time: 00:16:05

Health: -8/82      AC: 11    Str: 31    XL:     9   Next: 54%
Magic:  8/10       EV: 10    Int: 20    God:    Cheibriados [****..]
Gold:   389        SH:  0    Dex: 22    Spells: 8/8 levels left

rFire   + . .      SeeInvis .   L - +3 war axe
rCold   . . .      Faith    .   (no shield)
rNeg    . . .      Spirit   .   F - +3 chain mail
rPois   .          Reflect  .   (helmet restricted)
rElec   .          Harm     .   (no cloak)
rCorr   .          Rampage  .   (no gloves)
Will    .....                   (no boots)
Stlth   ..........              D - amulet of regeneration
HPRegen 1.03/turn               r - ring of protection from fire
MPRegen 0.12/turn               J - +6 ring of strength

@: very slow
A: horns 2, retaliatory headbutt
a: Renounce Religion, Bend Time, Temporal Distortion, Slouch


You were in a bailey.
You worshipped Cheibriados.
Cheibriados was greatly pleased with you.
You visited 1 branch of the dungeon, and saw 7 of its levels.
You also visited: Bailey.

You collected 422 gold pieces.
You spent 33 gold pieces at shops.

Inventory:

Hand Weapons
 L - a +3 war axe (weapon)
Missiles
 f - 12 poisoned darts
 g - 38 stones
 h - 26 boomerangs (quivered)
Armour
 l - a +2 leather armour of cold resistance
 y - the +0 scale mail of Reason {Regen+}
   (You found it on level 3 of the Dungeon)

   Regen:     It increases your rate of health regeneration.
 F - a +3 chain mail (worn)
Jewellery
 r - a ring of protection from fire (left hand)
 s - a ring of wizardry
 D - an amulet of regeneration (around neck)
 J - a +6 ring of strength (right hand)
Wands
 w - a wand of iceblast (1)
 I - a wand of paralysis (12)
Scrolls
 a - a scroll of magic mapping {unknown}
 i - 2 scrolls of vulnerability {unknown}
 j - 2 scrolls of fear {unknown}
 n - a scroll of summoning {unknown}
 p - 2 scrolls of brand weapon {unknown}
 t - 2 scrolls of noise {unknown}
 v - 2 scrolls of blinking {unknown}
 x - a scroll of poison {unknown}
 B - a scroll of enchant armour {unknown}
 C - a scroll of teleportation {unknown}
 E - a scroll of immolation {unknown}
 G - a scroll of amnesia {unknown}
 K - a scroll of enchant weapon {unknown}
Potions
 b - 2 potions of heal wounds
 c - 4 potions of ambrosia
 d - 2 potions of brilliance
 k - 4 potions of lignification
 m - 3 potions of magic
 o - 2 potions of mutation
 q - 3 potions of curing
 A - a potion of invisibility


   Skills:
 + Level 8.5 Fighting
 * Level 11.4 Axes
 + Level 6.2 Throwing
 - Level 3.2 Dodging
 - Level 1.5 Stealth
 + Level 3.4 Invocations


You had 8 spell levels left.
You didn't know any spells.
Your spell library contained the following spells:

 Spells                   Type           Power      Damage    Failure   Level
 Beastly Appendage        Tmut           0%         N/A       71%         1
 Wereblood                Tmut           0%         N/A       85%         2
 Spider Form              Tmut/Pois      0%         N/A       97%         3
 Borgnjor's Vile Clutch   Necr/Erth      0%         N/A       100%        5
 Iron Shot                Conj/Erth      0%         9d1       100%        6
 Statue Form              Tmut/Erth      0%         N/A       100%        6
 Chain Lightning          Conj/Air       0%         N/A       100%        9
 Fire Storm               Conj/Fire      0%         5d1       100%        9
 Shatter                  Erth           0%         3d5*      100%        9


Dungeon Overview and Level Annotations

Branches:
Dungeon (7/15)             Temple (0/1) D:7          Bailey (1/1)

Altars:
Ashenzari
Cheibriados
Fedhas
Makhleb
Okawaru
Qazlal
Ru
Sif Muna
Wu Jian

Shops:
D:2 !

Annotations:
D:4 1 transporter, Tiocfaidh's ghost, amateur DgDe


Innate Abilities, Weirdness & Mutations

You have a pair of horns on your head.
You reflexively headbutt those who attack you in melee.


Message History

Aim: an orc warlord, wielding a +6 broad axe and wearing a +0 crystal plate armour (lightly wounded, unable to see you, extremely poisoned, 78% to hit)
You throw a boomerang. The boomerang hits the orc warlord!
The orc warlord is moderately wounded.
Throw: 26 boomerangs
Press: ? - help, Q - select action, (/) - cycle Shift-Dir - straight line, f/p - orc warlord
Aim: an orc warlord, wielding a +6 broad axe and wearing a +0 crystal plate armour (moderately wounded, unable to see you, extremely poisoned, 78% to hit)
You throw a boomerang.
The boomerang hits the orc warlord but does no damage.
The orc warlord is moderately wounded.
Throw: 26 boomerangs
Press: ? - help, Q - select action, (/) - cycle Shift-Dir - straight line, f/p - orc warlord
Aim: an orc warlord, wielding a +6 broad axe and wearing a +0 crystal plate armour (moderately wounded, unable to see you, extremely poisoned, 78% to hit)
You throw a boomerang. The boomerang hits the orc warlord!
The orc warlord is moderately wounded.
You catch the helpless orc warlord completely off-guard!
You hit the orc warlord but do no damage.
You punch the orc warlord, but do no damage.
The orc warlord is moderately wounded.
The orc warlord hits you with a +6 broad axe!!
You hit the orc warlord but do no damage.
The orc warlord is moderately wounded.
The orc warlord hits you with a +6 broad axe!!
You hit the orc warlord but do no damage.
The orc warlord is moderately wounded.
The orc warlord closely misses you. The flow of time bends around you.
The orc warlord easily resists.
You flicker for a moment.
The orc warlord hits you with a +6 broad axe!
* * * LOW HITPOINT WARNING * * *
Okay, then.
You feel much better.
The orc warlord hits you with a +6 broad axe!!
* * * LOW HITPOINT WARNING * * *
The orc warlord misses you.
You enter the shallow water.
Moving in this stuff is going to be slow. ...and don't expect to remain undetected.
You flicker back into view.
The orc warlord hits you with a +6 broad axe!!
You die...

♣...~~~.#~..8...8..~#.~~~...♣
♣♣...~~~.##.........##.~~~...♣
♣∩...~~~.#~....∩....~#.~~~...∩
♣♣...~~~.#~.........~#.~~~...♣
♣...~~~.#~~.8...8.~~#.~~~...♣
♣♣..###'###.......###)###..♣♣
♣.##....#~.8...8.~#....##.♣
♣##.....#~~~~~o~~~#)....##♣
##......####~~@####......##
#...8......#'''#......8...#
#.....................)...#
#.....................)...#
##..8..8...........8..8..##
##.......#######.......##
##.....## ##.....## ##...##
##)..## ##### #####


You could see an orc warlord (very poisoned).

Vanquished Creatures
  Maggie (D:6)
  A kobold demonologist (D:6)
  A shadow (D:6)
  2 steam dragons
  Menkaure (D:7)
  Duvessa (D:6)
  A black bear (D:6)
  4 orc warriors (Bailey)
  An ogre (D:5)
  A phantom (D:4)
  4 bullfrogs
  2 necrophages
  3 scorpions
  Dowan (D:7)
  A howler monkey (D:6)
  5 hounds
  4 orc priests (D:6)
  Jessica (D:3)
  Ijyb (D:3)
  4 iguanas
  4 orc wizards
  14 gnolls
  11 adders
  2 white imps (D:6)
  A dart slug (D:3)
  17 orcs
  5 endoplasms
  6 giant cockroaches
  10 goblins
  9 hobgoblins
  13 kobolds
  5 quokkas
  5 ball pythons
  2 bats
  3 frilled lizards
  5 rats
152 creatures vanquished.

Notes
Turn   | Place    | Note
-------+----------+-------------------------------------------
     0 | D:1      | LustLizard the Minotaur Monk began the quest for the Orb.
     0 | D:1      | Reached XP level 1. HP: 19/19 MP: 0/0
   353 | D:1      | Found a faded altar of an unknown god.
   362 | D:1      | Reached skill level 4 in Axes
   363 | D:1      | Reached XP level 2. HP: 18/27 MP: 1/1
  1035 | D:2      | Reached skill level 1 in Throwing
  1157 | D:2      | Got Sif Muna's Precepts of Spelunking
  1205 | D:2      | Reached XP level 3. HP: 30/33 MP: 2/2
  1334 | D:2      | Found Jukuemiur's Distillery.
  1338 | D:2      | Bought a potion of curing for 33 gold pieces
  1451 | D:2      | Reached skill level 5 in Axes
  1451 | D:2      | Reached XP level 4. HP: 32/41 MP: 3/3
  2172 | D:3      | Noticed Ijyb
  2206 | D:3      | Killed Ijyb
  2383 | D:3      | Identified the +0 scale mail of Reason {Regen+}
  2703 | D:3      | Noticed Jessica
  2710 | D:3      | Killed Jessica
  2711 | D:3      | Reached XP level 5. HP: 43/47 MP: 4/4
  3069 | D:4      | Reached skill level 5 in Fighting
  3069 | D:4      | Reached skill level 6 in Axes
  3071 | D:4      | Found a snail-covered altar of Cheibriados.
  3073 | D:4      | Found an ornate altar of the Wu Jian Council.
  3112 | D:4      | Became a worshipper of Cheibriados the Contemplative
  3112 | D:4      | Reached * piety under Cheibriados
  3112 | D:4      | Reached ** piety under Cheibriados
  3159 | D:4      | Reached XP level 6. HP: 26/56 MP: 5/5
  3266 | D:4      | Found a transporter.
  3300 | D:4      | Noticed Tiocfaidh's ghost (amateur DgDe)
  3385 | D:4      | Found a blossoming altar of Fedhas.
  3507 | D:4      | Reached skill level 7 in Axes
  3542 | D:4      | Found a broken altar of Ashenzari.
  3556 | D:4      | Noticed a steam dragon
  3568 | D:4      | Killed a steam dragon
  3569 | D:4      | Reached XP level 7. HP: 28/62 MP: 6/6
  3842 | D:5      | Entered Level 5 of the Dungeon
  3870 | D:5      | Found a stormy altar of Qazlal.
  3933 | D:5      | Found a shimmering blue altar of Sif Muna.
  4173 | D:5      | Reached skill level 8 in Axes
  4245 | D:5      | Found a sacrificial altar of Ru.
  4516 | D:6      | Reached *** piety under Cheibriados
  4573 | D:6      | Reached XP level 8. HP: 71/71 MP: 7/7
  4773 | D:6      | Noticed a kobold demonologist
  4786 | D:6      | Noticed a smoke demon
  4787 | D:6      | Killed a kobold demonologist
  4788 | D:6      | Reached skill level 9 in Axes
  4877 | D:6      | Reached skill level 5 in Throwing
  4885 | D:6      | Reached skill level 1 in Invocations
  4979 | D:6      | Reached skill level 10 in Axes
  5046 | D:6      | Found a burning altar of Makhleb.
  5143 | D:6      | Found an iron altar of Okawaru.
  5345 | D:6      | Reached **** piety under Cheibriados
  5346 | D:6      | Reached XP level 9. HP: 71/81 MP: 9/9
  5389 | D:7      | Noticed Menkaure
  5389 | D:7      | Noticed Duvessa
  5389 | D:7      | Noticed Dowan
  5391 | D:7      | Noticed Maggie
  5392 | D:7      | Killed Dowan
  5396 | D:6      | Killed Duvessa
  5425 | D:6      | Killed Maggie
  5472 | D:7      | Killed Menkaure
  5529 | D:7      | Found a staircase to the Ecumenical Temple.
  5542 | D:7      | Reached skill level 11 in Axes
  5542 | D:7      | Found a flagged portal.
  5570 | Bailey   | Entered a bailey
  5583 | Bailey   | Noticed an orc warlord
  5724 | Bailey   | Found a runed translucent gate.
  5725 | Bailey   | Found a runed translucent gate.
  5732 | Bailey   | Found a runed translucent gate.
  5854 | Bailey   | Mangled by an orc warlord

Illustrated notes

Levels and vault maps discovered:
D:1:      lightli_arrival_statue_moat, layout_basic,
          nicolae_ecumenical_snake_handling, minmay_tree_intersection
D:2:      layout_basic, serial_shops, shop, corner_web_ring, skrybe_limestone_x,
          minmay_misc_feat_hallway, st_stairs_12
D:3:      layout_basic, uniq_ijyb, uniq_jessica
D:4:      layout_gridville, general_overflow_altar, kennysheep_mini_moat,
          jmf_multi_god_temple, gammafunk_ghost_mausoleum
D:5:      layout_basic, nicolae_ru_awakened_eye, overflow_temple_1_default,
          nicolae_qazlal_general_emergency
D:6:      minmay_opposing_rooms, layout_cave_pools,
          mainiacjoe_overflow_alcove_4, mainiacjoe_overflow_paths
D:7:      layout_basic, minmay_temple_entry_mist, enter_bailey_5,
          minmay_unpleasant_kobolds, uniq_maggie, uniq_menkaure, uniq_duvessa
Bailey:   bailey_axe_bossmonster_kennysheep, bailey

Skill      XL: |  1  2  3  4  5  6  7  8  9 |
---------------+----------------------------+-----
Axes           | 4 5 6 7 8 10 11 | 11.4
Fighting       | 4 5 6 7 8 |  8.5
Throwing       | 1 2 3 4 5 6 |  6.2
Invocations    | 2 3 |  3.4
Dodging        | |  3.2
Stealth        | |  1.5

Action                   |  1- 3 |  4- 6 |  7- 9 || total
-------------------------+-------+-------+-------++-------
Melee: Hand axe          |    55 |   179 |       ||   234
       Headbutt          |     6 |    40 |    37 ||    83
       Punch             |       |     3 |     3 ||     6
       War axe           |       |     5 |   182 ||   187
Throw: Stone             |    13 |     3 |    12 ||    28
       Dart              |       |     2 |    10 ||    12
       Boomerang         |       |       |    17 ||    17
Invok: Slouch            |       |       |     2 ||     2
       Bend Time         |       |       |     1 ||     1
Evoke: Wand              |       |       |     7 ||     7
  Use: Scroll            |       |     3 |     6 ||     9
       Potion            |       |       |     2 ||     2
 Stab: Invisible         |       |       |     1 ||     1
Armor: Leather armour    |     3 |       |       ||     3
       Scale mail        |    22 |    64 |    28 ||   114
       Chain mail        |       |       |    35 ||    35
Dodge: Dodged            |    20 |    76 |    86 ||   182
